 Dungeon Crawl Stone Soup version 0.24.0-2-g5b39cebb1c (webtiles) character file.

Game seed: 8546781257732099921, levelgen mode: deterministic

0 Esekla the Skirmisher (level 1, -29/16 HPs)
             Began as an Octopode Abyssal Knight on Oct 30, 2019.
             Was a Follower of Lugonu.
             Annihilated by a tentacled starspawn (37 damage)
             ... on level 2 of the Abyss.
             The game lasted 00:02:04 (207 turns).

Esekla the Skirmisher (Octopode Abyssal Knight)      Turns: 207, Time: 00:02:04

Health: -29/16     AC:  1    Str: 11    XL:     1   Next: 0%
Magic:  2/2        EV: 13    Int: 14    God:    Lugonu [*.....]
Gold:   48         SH:  0    Dex: 11    Spells: 0/0 levels left

rFire    . . .     SeeInvis .   a - +1 falchion
rCold    . . .     Gourm    .   (no shield)
rNeg     . . .     Faith    .   (helmet restricted)
rPois    .         Spirit   .   (no amulet)
rElec    .         Reflect  .   (no ring)
rCorr    .         Harm     .   (no ring)
MR       .....                  (no ring)
Stlth    ++........             (no ring)
HPRegen  0.05/turn              (no ring)
MPRegen  0.08/turn              (no ring)
                                (no ring)
                                (no ring)

@: no status effects
A: almost no armour, stealthy swim, amphibious, 8 rings, constrict 8, camouflage
1, gelatinous body 1
a: Depart the Abyss, Renounce Religion


You were on level 2 of the Abyss.
You worshipped Lugonu.
Lugonu was aware of your devotion.
You were not hungry.

You visited 0 branches of the dungeon, and saw 0 of its levels.
You visited the Abyss 1 time.

You collected 48 gold pieces.

Inventory:

Hand Weapons
 a - a +1 falchion (weapon)
Scrolls
 d - a scroll of identify {unknown}
Potions
 c - a potion of experience {unknown}
Comestibles
 b - 2 rations


   Skills:
 + Level 3.0 Fighting
 * Level 2.0 Long Blades
 + Level 2.3 Dodging
 + Level 2.0 Invocations


You couldn't memorise any spells.
You didn't know any spells.
Your spell library was empty.

Dungeon Overview and Level Annotations

Branches:
Dungeon (0/15)

Altars:


Innate Abilities, Weirdness & Mutations

You cannot wear most types of armour.
You are very stealthy in the water. (Stealth+)
You are amphibious.
You can wear up to eight rings at the same time.
You can use your tentacles to constrict eight enemies at once.
Your skin changes colour to match your surroundings (Stealth+).
Your rubbery body absorbs attacks. (AC +1, EV +1)


Message History

The starspawn tentacle's grasp on you weakens, but your attempt to escape fails.
The starspawn tentacle loses its grip on you.
The tentacle pulls you backwards!
The tentacled starspawn closely misses you.
You riposte.
You hit the tentacled starspawn.
The tentacled starspawn is lightly damaged.
The tentacled starspawn engulfs you.
Tentacles burst from the starspawn's body! 2 starspawn tentacles come into view. 3 golden eyes come into view.
A golden eye comes into view.
The golden eye moves out of view.
A tentacle flies out from the starspawn's body!
A starspawn tentacle comes into view.
You see here a scroll labeled OCWUFO GONG.
d - a scroll labeled OCWUFO GONG The starspawn tentacle completely misses you.
The starspawn tentacle barely misses you.
The tentacled starspawn bites you!!!
Ouch! That really hurt!
You die...

.## . ... #.. ... #
.... ... #.#.. .# #
#.# ######...#......#
..##...# ..#....#..
#.#...# ##..#.. #.
#.@.#####.#....# ..
#.#X#.##. ## ....#.
#...#.#...### ....
.#.....X#.#.....##..
#...#...# .#..##.# │
.....#.#...#..#....#
#. #
#.##....#.##.#...#.#.#
. #.. #.#..§..####..##
.# ...#...###.#.. # .#
.#


You could see a tentacled starspawn.

Vanquished Creatures (others)
  5 starspawn tentacles (Abyss:2)
5 creatures vanquished.

Notes
Turn   | Place    | Note
-------+----------+-------------------------------------------
     0 | Abyss:1  | Esekla the Octopode Abyssal Knight began the quest for the
                  | Orb.
     0 | Abyss:1  | Reached XP level 1. HP: 16/16 MP: 2/2
     0 | Abyss:1  | Found a corrupted altar of Lugonu.
    34 | Abyss:1  | Noticed a quasit
    61 | Abyss:1  | Noticed a large abomination
   111 | Abyss:1  | Noticed a small abomination
   142 | Abyss:1  | Noticed an iron imp
   172 | Abyss:2  | Noticed a tentacled starspawn
   186 | Abyss:2  | Noticed a golden eye
   186 | Abyss:2  | Noticed a golden eye
   186 | Abyss:2  | Noticed a golden eye
   186 | Abyss:2  | Noticed a golden eye
   207 | Abyss:2  | Annihilated by a tentacled starspawn

Levels and vault maps discovered:
Abyss:2:  evilmike_abyss_exit_12

Action                   || total
-------------------------++-------
Dodge: Dodged            ||     3
       Rpst.: Falchion   ||     1
